 Dungeon Sprint DCSS version 0.28-a0-199-g298df9dbad (webtiles) character file.

Game seed: 7238462741768090711

371 MikeHunt the Grappler (level 6, -5/59 HPs)
             Began as a Troll Fighter on Aug 19, 2021.
             Was a Follower of Okawaru.
             Slain by a fire elemental (11 damage)
             ... summoned by a deep elf pyromancer
             ... in the Dungeon (Sprint III: "The Ten Rune Challenge").
             The game lasted 00:02:54 (192 turns).

MikeHunt the Grappler (Troll Fighter)                Turns: 192, Time: 00:02:54

Health: -5/59      AC:  4    Str: 25    XL:     6   Next: 42%
Magic:  7/7        EV: 10    Int:  4    God:    Okawaru [*.....]
Gold:   28         SH:  9    Dex: 11    Spells: 5/5 levels left

rFire   . . .      SeeInvis .     - Unarmed
rCold   . . .      Faith    .   b - +0 kite shield
rNeg    . . .      Spirit   .   a - +0 robe
rPois   .          Reflect  .   (helmet restricted)
rElec   .          Harm     .   (no cloak)
rCorr   .          Rampage  .   (gloves unavailable)
Will    .....      NoTele   +   (boots unavailable)
Stlth   +.........              (no amulet)
HPRegen 1.19/turn               (no ring)
MPRegen 0.10/turn               (no ring)

@: no status effects
A: large, unfitting armour, claws 3, regeneration 1, shaggy fur 1, tough skin 1,
hooves 1
a: Renounce Religion, Heroism


You were in the Dungeon.
You worshipped Okawaru.
Okawaru was aware of your devotion.
You visited 1 branch You collected 28 gold pieces.

Inventory:

Armour
 a - a +0 robe (worn)
 b - a +0 kite shield (worn)
Scrolls
 h - 2 scrolls of torment {unknown}
 k - 3 scrolls of identify
Potions
 c - a potion of might
 d - a potion of curing
 g - 2 potions of magic
 l - a potion of resistance {unknown}
 m - a potion of flight {unknown}
 n - 5 potions of mutation


   Skills:
 - Level 2.4 Fighting
 - Level 2.4 Dodging
 + Level 8.3 Shields
 + Level 9.6 Unarmed Combat
 + Level 3.4 Invocations


You had 5 spell levels left.
You didn't know any spells.
Your spell library was empty.

Dungeon Overview and Level Annotations

Branches:
Dungeon (1/1)

Altars:
Elyvilon
Okawaru
Trog
Uskayaw
Wu Jian
Zin
The Shining One
Beogh


Innate Abilities, Weirdness & Mutations

You are too large for most types of armour.
You have claws for hands.
Your natural rate of healing is unusually fast.
You are covered in fur. (AC +1)
You have tough skin. (AC +1)
You have large cloven feet.


Message History

The deep elf pyromancer hits you with a +1 long sword of holy wrath!
You block the fire elemental's attack.
You scratch the deep elf pyromancer.
The deep elf pyromancer is moderately wounded.
You block the deep elf pyromancer's attack.
You block the fire elemental's attack.
You miss the deep elf pyromancer.
Your kick misses the deep elf pyromancer.
The deep elf pyromancer is moderately wounded.
The fire elemental hits you. The fire elemental burns you!
The deep elf pyromancer casts a spell.
The deep elf pyromancer blinks!
Throw: large rock
Press: ? - help, Q - select action, (/) - cycle Shift-Dir - straight line, f - deep elf pyromancer
Aim: a deep elf pyromancer, wielding a +1 long sword of holy wrath (moderately wounded, 43% to hit)
You throw a large rock.
The large rock misses the deep elf pyromancer.
The fire elemental hits you. The fire elemental burns you!
The fire elemental hits you. The fire elemental burns you!
The deep elf pyromancer points at you and mumbles some strange words.
The bolt of fire hits you!!
* * * LOW HITPOINT WARNING * * *
You block the fire elemental's attack.
Okay, then.
Unknown command.
Blink to where?
Press: ? - help, Dir - move target, p - deep elf pyromancer
As you read the scroll of blinking, it crumbles to dust.
The deep elf pyromancer gestures wildly while chanting.
The deep elf pyromancer blinks!
j - a large rock Throw: large rock
Press: ? - help, Q - select action, (/) - cycle Shift-Dir - straight line, f - deep elf pyromancer
Aim: a deep elf pyromancer, wielding a +1 long sword of holy wrath (moderately wounded, 43% to hit)
You throw a large rock.
The large rock closely misses the deep elf pyromancer.
You block the fire elemental's attack. The fire elemental hits you.
* * * LOW HITPOINT WARNING * * *
The fire elemental burns you!
You die...

▓▓ ▓▓▓ .####
##.#########
....#####..#__○#___#
.....#..#..#!§.#__)#
##...#..#..###☼#'###+##
###..##'#..#...E......#
.##..###†(.'.⌠e.@.....#
##.†####...#...######+#
##..###....#.⌠.#
#...##†....#...#
....#.†....#+###
..##.#.....# ..
####....# ▓▓ ▓▓▓▓▓▓


You could see a deep elf pyromancer and a fire elemental (summoned).

Vanquished Creatures
  A water elemental (D)
  3 humans (D)
  A wolf (D)
  4 rats (D)
9 creatures vanquished.

Notes
Turn   | Place    | Note
-------+----------+-------------------------------------------
     0 | D        | MikeHunt the Troll Fighter began the quest for the Orb.
     0 | D        | Reached XP level 1. HP: 22/22 MP: 0/0
    40 | D        | Noticed a wolf
    43 | D        | Killed a wolf
    44 | D        | Reached skill level 4 in Unarmed Combat
    44 | D        | Reached XP level 2. HP: 29/29 MP: 1/1
    58 | D        | Reached XP level 3. HP: 33/36 MP: 2/2
    83 | D        | Gained mutation: You have large cloven feet. [potion of
                  | mutation]
    89 | D        | Noticed a water elemental
    94 | D        | Killed a water elemental
    95 | D        | Reached skill level 5 in Shields
    95 | D        | Reached skill level 6 in Unarmed Combat
    95 | D        | Reached XP level 4. HP: 27/44 MP: 3/3
   119 | D        | Found a hide-covered altar of Uskayaw.
   119 | D        | Found an iron altar of Okawaru.
   121 | D        | Found a bloodstained altar of Trog.
   121 | D        | Found an ornate altar of the Wu Jian Council.
   121 | D        | Noticed a human
   121 | D        | Noticed a human
   124 | D        | Became a worshipper of Warmaster Okawaru
   143 | D        | Killed a human
   143 | D        | Reached * piety under Okawaru
   144 | D        | Reached skill level 8 in Unarmed Combat
   144 | D        | Reached XP level 5. HP: 44/50 MP: 4/4
   156 | D        | Killed a human
   157 | D        | Reached skill level 9 in Unarmed Combat
   157 | D        | Reached XP level 6. HP: 49/59 MP: 4/7
   180 | D        | Found a glowing silver altar of Zin.
   181 | D        | Found a glowing golden altar of the Shining One.
   181 | D        | Found a white marble altar of Elyvilon.
   181 | D        | Noticed a deep elf pyromancer
   185 | D        | Noticed a fire elemental
   189 | D        | HP: 2/59 [deep elf pyromancer/bolt of fire (21)]
   192 | D        | Slain by a fire elemental

Illustrated notes

Levels and vault maps discovered:
D:        dungeon_sprint_mu [sprint_mu_entry_cave, sprint_mu_temple_rooms,
          sprint_mu_d1_horrors, sprint_mu_d2_genie, sprint_mu_d3_branching,
          sprint_mu_orc_legion, sprint_mu_elf_gauntlet, sprint_mu_hive_nellie,
          sprint_mu_lair_fedhas, sprint_mu_vaults_butterflies,
          sprint_mu_slime_circle, sprint_mu_swamp_cave, sprint_mu_shoals_archi,
          sprint_mu_blade_basic, sprint_mu_crypt_lich, sprint_mu_tomb_spiral,
          sprint_mu_vestibule_basic, sprint_mu_gehenna_hellfire,
          sprint_mu_dis_giant, sprint_mu_tartarus_statrot,
          sprint_mu_cocytus_islands, sprint_mu_zot1]

Skill      XL: |  1  2  3  4  5 |
---------------+----------------+-----
Shields        | 3 4 5 7 8 |  8.3
Unarmed Combat | 4 6 8 9 |  9.6
Invocations    | 3 |  3.4
Fighting       | |  2.4
Dodging        | |  2.4

Action                   |  1- 3 |  4- 6 || total
-------------------------+-------+-------++-------
Melee: Unarmed           |    27 |    23 ||    50
       Kick              |       |     8 ||     8
Throw: Large rock        |     1 |     3 ||     4
  Use: Potion            |     2 |     2 ||     4
       Scroll            |       |     1 ||     1
 Stab: Sleeping          |       |     1 ||     1
Armor: Robe              |     2 |     5 ||     7
Dodge: Dodged            |     7 |     3 ||    10
Block: Kite shield       |     4 |    10 ||    14

Table legend: (Time is in decaauts)
 A = Elapsed time spent in this place.
 B = Non-inter-level travel time spent in this place.
 C = Inter-level travel time spent in this place.
 D = Time resting spent in this place.
 E = Time spent auto-exploring this place.
 F = Levels seen in this place.
 G = Mean time per level.
                   A        B        C        D        E       F      G
               +--------+--------+--------+--------+--------+-----+--------+
         Total |    190 |    190 |      0 |     19 |      0 |   1 |  190.0 |
       Dungeon |    190 |    190 |      0 |     19 |      0 |   1 |  190.0 |
               +--------+--------+--------+--------+--------+-----+--------+

Top non-repeatable levels by time:
       D: 190 daAuts
